Map: Tours du crépuscule

Players

Dri - Winner!

  • Race: Protoss Protoss
  • League: Diamond

Worming

  • Race: Zerg Zerg
  • League: Diamond

VOD

Have the link to the VOD?

Description

Time

  • Played on: Dec. 27, 2015, 1:29 p.m.
  • Length: 10:19
Show
View Real Time Build Order
Export as new Build Order

Dri Protoss - Winner!

Build Orders: Zealot Archon 

Get SALT Encoding   

  12  0:01  Probe (Chrono Boost)  
  13  0:11  Probe (Chrono Boost)  
  14  0:17  Pylon  
  14  0:22  Probe (Chrono Boost)  
  15  0:35  Probe (Chrono Boost)  
  16  0:46  Probe (Chrono Boost)  
  17  0:56  Probe (Chrono Boost)  
  18  1:06  Nexus  
  18  1:07  Probe (Chrono Boost)  
  19  1:17  Probe (Chrono Boost)  
  20  1:18  Gateway  
  20  1:25  Assimilator  
  20  1:28  Probe (Chrono Boost)  
  21  1:34  Pylon  
  21  1:39  Probe (Chrono Boost)  
  22  1:43  Assimilator  
  22  1:50  Probe (Chrono Boost)  
  23  2:00  Probe (Chrono Boost)  
  24  2:08  Cybernetics Core  
  24  2:11  Probe (Chrono Boost)  
  25  2:21  Probe (Chrono Boost), Zealot  
  28  2:26  Probe (Chrono Boost)  
  29  2:32  Probe (Chrono Boost)  
  31  2:37  Probe (Chrono Boost)  
  31  2:42  Probe (Chrono Boost)  
  32  2:47  Probe (Chrono Boost)  
  32  2:48  Twilight Council  
  33  2:53  Probe (Chrono Boost), Adept  
  33  2:58  Probe (Chrono Boost)  
  36  3:02  Warp Gate  
  36  3:04  Mothership Core (Chrono Boost)  
  38  3:07  Gateway  
  38  3:08  Probe (Chrono Boost)  
  38  3:12  Robotics Facility  
  39  3:19  Probe (Chrono Boost)  
  40  3:22  Gateway  
  40  3:35  Resonating Glaives  
  40  3:45  Adept  
  42  3:51  Probe x2 (Chrono Boost)  
  44  3:56  Adept  
  44  4:01  Nexus  
  46  4:25  Warp Prism (Chrono Boost)  
  46  4:32  Pylon  
  46  4:33  Pylon  
  46  4:36  Assimilator, Pylon  
  46  4:39  Assimilator  
  46  4:50  Probe x2, Twilight Council  
  50  4:56  Gateway  
  50  4:57  Gateway  
  50  5:00  Gateway  
  50  5:02  Gateway, Probe x2  
  50  5:13  Adept x2  
  54  5:16  Probe x2  
  54  5:17  Probe  
  57  5:26  Probe  
  58  5:29  Probe x2  
  58  5:30  Charge (Chrono Boost)  
  58  5:35  Sentry x2  
  62  5:37  Probe  
  62  5:38  Immortal (Chrono Boost)  
  62  5:41  Probe x2  
  71  5:47  Probe  
  72  5:51  Templar Archives  
  72  6:17  Immortal (Chrono Boost)  
  76  6:30  Assimilator  
  76  6:34  Assimilator  
  76  6:37  Pylon  
  76  6:41  Pylon  
  76  6:44  Blink (Chrono Boost), Zealot x4  
  84  6:51  Pylon  
  84  6:53  Pylon  
  84  6:55  Pylon  
  84  6:57  Immortal  
  88  7:21  High Templar x3  
  88  7:22  High Templar x2  
  98  7:24  Zealot  
  98  7:27  Probe x2  
  102  7:34  Zealot  
  102  7:35  Archon  
  102  7:36  Archon  
  104  7:42  Immortal  
  108  7:45  Zealot  
  110  7:58  Zealot x4  
  114  7:59  Zealot x2  
  122  8:08  High Templar  
  124  8:20  Archon  
  124  8:24  Pylon  
  124  8:27  Pylon  
  124  8:29  Pylon  
  124  8:31  Pylon  
  120  8:36  Zealot x3  
  124  8:48  Zealot x4  
  126  9:02  Zealot  
  126  9:03  Zealot x2  
  132  9:19  Zealot x4  
  138  9:34  Nexus  
  138  9:36  Pylon  
  138  9:37  Zealot x3  
  138  9:38  Pylon  
  138  9:39  Pylon  
  122  9:57  Zealot x5  
  112  10:16  Zealot  
  112  10:17  Zealot x2  
Show
View Real Time Build Order
Export as new Build Order

Worming Zerg 

Build Orders: 3 Hatch before Pool 

Get SALT Encoding   

  12  0:01  Drone  
  13  0:12  Overlord  
  13  0:17  Drone  
  14  0:30  Drone x2  
  14  0:35  Drone  
  17  0:45  Drone  
  18  0:57  Hatchery  
  18  1:00  Drone  
  18  1:19  Hatchery  
  18  1:22  Drone  
  18  1:33  Spawning Pool  
  18  1:39  Drone x2  
  19  1:46  Overlord  
  19  1:50  Drone  
  20  2:06  Drone  
  21  2:09  Drone  
  22  2:16  Drone  
  22  2:21  Queen x2  
  22  2:22  Zergling x2  
  28  2:25  Drone  
  29  2:31  Drone  
  29  2:34  Drone x2  
  32  2:38  Queen  
  32  2:41  Drone  
  35  2:51  Drone x2, Extractor  
  36  2:55  Drone x3  
  39  3:02  Overlord  
  39  3:13  Drone  
  39  3:14  Drone x2  
  39  3:17  Overlord  
  41  3:30  Queen  
  41  3:33  Drone x6  
  49  3:40  Overlord  
  49  3:42  Zergling x4  
  51  3:58  Overlord  
  51  3:59  Metabolic Boost  
  49  4:27  Drone x17  
  66  4:31  Extractor  
  66  4:33  Lair  
  66  4:34  Roach Warren  
  66  4:35  Evolution Chamber, Extractor  
  62  4:47  Overlord x2  
  62  4:57  Drone x3  
  62  4:59  Drone, Evolution Chamber  
  65  5:01  Drone x2, Overlord  
  65  5:02  Zergling x8  
  70  5:17  Drone  
  70  5:19  Zerg Missile Weapons Level 1  
  71  5:21  Drone x2  
  71  5:22  Drone x2  
  71  5:23  Extractor  
  71  5:24  Drone x5  
  71  5:25  Extractor x2  
  77  5:31  Zerg Ground Armor Level 1, Glial Reconstitution  
  77  5:36  Overlord x3  
  77  5:37  Hatchery  
  77  5:42  Drone x2  
  78  5:43  Drone  
  79  5:50  Overlord x2  
  79  5:51  Roach  
  79  5:52  Roach x4  
  89  5:57  Queen  
  89  5:58  Queen  
  89  6:03  Roach x5  
  88  6:27  Drone x2  
  88  6:28  Spore Crawler, Drone x3  
  92  6:37  Overlord x2  
  92  6:38  Roach x4  
  100  6:44  Overlord  
  100  6:45  Overlord  
  100  6:48  Pneumatized Carapace  
  100  6:51  Drone x2  
  100  6:52  Drone  
  103  6:56  Ravager x2  
  103  6:57  Ravager x3  
  103  7:01  Drone x3  
  105  7:20  Drone x5  
  105  7:21  Drone x4  
  114  7:25  Drone  
  115  7:32  Zerg Missile Weapons Level 2  
  115  7:34  Zerg Ground Armor Level 2  
  115  7:35  Hydralisk Den  
  115  7:36  Drone x3  
  117  7:37  Overlord x2  
  117  7:42  Spine Crawler  
  116  7:51  Zergling x20  
  121  8:00  Overlord  
  121  8:01  Overlord  
  121  8:07  Muscular Augments, Hydralisk x3  
  110  8:56  Drone x10  
  110  8:59  Spore Crawler  
  110  9:00  Spore Crawler x2  
  117  9:04  Spire  
  117  9:08  Infestation Pit  
  115  9:22  Roach x13  
  115  9:23  Hatchery  
  117  9:42  Roach x8  
  116  9:52  Roach x2  
  93  9:56  Roach x2  
  93  9:57  Roach x3  
Tags
 
Add a new tag
Caveats
  • Supply blocks, unpowered buildings, or Contaminate may cause inaccurate times.
  • Supply counts are checked every 10 seconds.